 Dungeon Crawl Stone Soup version 0.18-a0-1243-g9e52518 (webtiles) character file.

6416 Scytalen the Destroyer (level 10, -4/60 HPs)
             Began as a Deep Elf Conjurer on Feb 4, 2016.
             Was a Believer of Ashenzari.
             Slain by a merfolk
             ... wielding a +0 trident
              (16 damage)
             ... on level 10 of the Dungeon on Feb 5, 2016.
             The game lasted 00:47:50 (12217 turns).

Scytalen the Destroyer (Deep Elf Conjurer)         Turns: 12217, Time: 00:47:50

Health: -4/60      AC:  6    Str:  5    XL:     10   Next: 66%
Magic:  4/21       EV: 18    Int: 23    God:    Ashenzari [**....]
Gold:   454        SH:  0    Dex: 16    Spells: 7 memorised, 1 level left

rFire  + + .     SeeInvis .     g - +0 hunting sling (curse)
rCold  . . .     Gourm    .     G - +2 leather armour {rF+} (curse)
rNeg   . . .     Faith    .     (no shield)
rPois  +         Spirit   .     (no helmet)
rElec  .         Dismiss  .     (no cloak)
rCorr  .         Reflect  .     I - +0 pair of gloves (curse)
SustAt .         Harm     .     (no boots)
MR     +....                    (no amulet)
Stlth  ++........               E - ring of protection from fire (curse)
                                m - ring of poison resistance (curse)

@: somewhat resistant to hostile enchantments, unstealthy
A: no striking features
a: Scrying, Renounce Religion


You were on level 10 of the Dungeon.
You worshipped Ashenzari.
Ashenzari was pleased with you.
You were not hungry.

You visited 1 branch of the dungeon, and saw 10 of its levels.

You collected 454 gold pieces.

Inventory:

Hand Weapons
 g - a cursed +0 hunting sling (weapon)
 F - the +2 spear of Exehealy {pierce, +Blink Dex+2 SInv}
   (You found it on level 5 of the Dungeon)

   It inflicts extra damage upon your enemies.
   It affects your dexterity (+2).
   It lets you see invisible.
   It lets you blink.
 Q - a +0 greatsling
Missiles
 e - 197 stones
 u - 14 tomahawks
 w - 17 poisoned needles
 x - 3 javelins
 y - 59 sling bullets (quivered)
 B - 2 throwing nets
Armour
 G - a cursed +2 leather armour of fire resistance (worn)
 I - a cursed +0 pair of gloves (worn)
Jewellery
 m - a cursed ring of poison resistance (left hand)
 D - the ring of Ytuseqit {SustAt rElec rC- rN+ Int+2}
   (You found it on level 5 of the Dungeon)

   [ring of sustain attributes]

   It sustains your strength, intelligence and dexterity.
   It affects your intelligence (+2).
   It makes you vulnerable to cold.
   It insulates you from electricity.
   It protects you from negative energy.
 E - a cursed ring of protection from fire (right hand)
 P - an uncursed ring of positive energy
Wands
 a - a wand of confusion (20/48)
 h - a wand of flame (12/48)
 j - a wand of polymorph (13/24)
 M - a wand of random effects (33/48)
Scrolls
 i - a scroll of blinking {unknown}
 l - a scroll of immolation {unknown}
 n - 3 scrolls of noise {unknown}
 o - 2 scrolls of amnesia
 p - 3 scrolls of enchant armour {unknown}
 s - 2 scrolls of fear {unknown}
 t - 3 scrolls of teleportation {unknown}
 v - 5 scrolls of curse armour
 z - 2 scrolls of curse weapon
 A - a scroll of recharging {unknown}
 C - a scroll of remove curse
 H - 2 scrolls of magic mapping
 N - a scroll of enchant weapon {unknown}
Potions
 d - a potion of agility
 q - 3 potions of heal wounds
 r - a potion of mutation
 J - a potion of brilliance
 K - 2 potions of invisibility
 L - a potion of flight
 R - a potion of curing
Books
 b - a book of Conjurations

   Spells                             Type                      Level
   a - Magic Dart                     Conjuration                  1
   b - Searing Ray                    Conjuration                  2
   c - Dazzling Spray                 Conjuration/Hexes            3
   d - Fulminant Prism                Conjuration/Hexes            4
   e - Iskenderun's Mystic Blast      Conjuration                  4
   f - Iskenderun's Battlesphere      Conjuration/Charms           5
 O - a book of Necromancy

   Spells                             Type                      Level
   a - Pain                           Necromancy                   1
   b - Animate Skeleton               Necromancy                   1
   c - Vampiric Draining              Necromancy                   3
   d - Regeneration                   Charms/Necromancy            3
   e - Animate Dead                   Necromancy                   4
   f - Control Undead                 Necromancy                   4
Comestibles
 c - 6 bread rations
 f - a beef jerky
 k - 6 meat rations
 S - 3 chunks of flesh


   Skills:
 - Level 5.8 Fighting
 + Level 11.0 Dodging
 - Level 2.4 Stealth
 - Level 6.1 Spellcasting
 - Level 11.4(12.7) Conjurations
 + Level 1.3(2.3) Hexes
 + Level 5.7(7.2) Charms
 + Level 1.0(1.9) Necromancy


You had one spell level left.
You knew the following spells:

 Your Spells              Type           Power        Failure   Level  Hunger
a - Magic Dart            Conj           ####         1%          1    None
b - Searing Ray           Conj           ######       1%          2    None
c - Animate Skeleton      Necr           N/A          10%         1    None
d - Iskenderun's Battles  Conj/Chrm      ######..     10%         5    #####..
e - Dazzling Spray        Conj/Hex       #####...     1%          3    #......
f - Fulminant Prism       Conj/Hex       #####.....   8%          4    ###....
g - Iskenderun's Mystic   Conj           ######..     1%          4    ###....


Dungeon Overview and Level Annotations

Branches:
Dungeon (10/15)            Temple (0/1) D:4             Orc (0/2) D:9
   Lair: D:8-11

Altars:
Ashenzari
Elyvilon
Kikubaaqudgha
Makhleb
Nemelex Xobeh
Pakellas
Trog
Xom
Zin

Shops:
D:6 (   D:8 :


Message History

Aiming: Iskenderun's Mystic Blast
Press: ? - help, Shift-Dir - straight line, f/p - merfolk
Aim: a merfolk, wielding a trident (severely wounded)
The orb of energy hits the merfolk.
The merfolk is almost dead.
The orb of energy explodes!
You hear a shout!
You hear a bellow!
The merfolk completely misses you.
You now have 8/21 mp.
Casting: Iskenderun's Mystic Blast
Confirm with . or Enter, or press ? or * to list all spells.
Aiming: Iskenderun's Mystic Blast
Press: ? - help, Shift-Dir - straight line, f/p - merfolk
Aim: a merfolk, wielding a trident (almost dead)
The orb of energy hits the merfolk.
The merfolk is almost dead.
The orb of energy explodes!
You hear a bellow!
The merfolk hits you from afar with a trident!
You die...

, , , ############ ,
########## #..........#
.........# ###......<...# *
#.......# #............#
#.......###.#..........#
#.......#@..#..........#
###.........###..........###
.........m### #.............
**#.......# #..........###
#.......# #..........#
#.......# #..........#
####.#### ###.######## *...
#.### #.##. #...#


You could see a merfolk.

Vanquished Creatures
  2 two-headed ogres
  Grinder (D:5)
  2 yaks
  A steam dragon (D:9)
  2 hippogriffs
  2 hungry ghosts
  Menkaure (D:5)
  Duvessa (D:7)
  Purgy (D:4)
  An ice beast (D:5)
  An orc warrior (D:8)
  2 phantoms
  2 sky beasts
  A necrophage (D:8)
  4 centaurs
  2 ogres
  2 big kobolds (D:9)
  5 giant frogs
  Dowan (D:7)
  A water moccasin zombie (D:7)
  A wyvern skeleton (D:7)
  7 scorpions
  10 killer bees
  5 wights (D:8)
  2 crimson imps
  The ghost of Scytalen the Conjurer, a weakling DECj (D:3)
  A jelly (D:7)
  A gnoll shaman (D:3)
  6 hounds
  4 orc priests
  5 orc wizards
  2 giant frog skeletons (D:5)
  Natasha (twice) (D:2)
  10 worker ants
  A killer bee zombie (D:8)
  A hound skeleton (D:9)
  A worker ant zombie (D:5)
  5 gnolls
  5 adders
  2 shadow imps
  An ooze (D:1)
  2 worms
  4 giant geckos
  22 orcs
  5 giant cockroaches
  7 goblins
  9 hobgoblins
  12 jackals
  15 kobolds
  6 quokkas
  10 bats
  A giant gecko skeleton (D:5)
  A giant gecko zombie (D:5)
  7 giant newts
  A jackal zombie (D:6)
  A quokka skeleton (D:4)
  A quokka zombie (D:9)
  14 rats
226 creatures vanquished.

Vanquished Creatures (others)
  Erolcha (D:8)
1 creature vanquished.

Grand Total: 227 creatures vanquished

Notes
Turn   | Place    | Note
--------------------------------------------------------------
     0 | D:1      | Scytalen the Deep Elf Conjurer began the quest for the Orb.
     0 | D:1      | Reached XP level 1. HP: 10/10 MP: 6/6
   392 | D:1      | Reached XP level 2. HP: 15/15 MP: 5/8
   443 | D:1      | Reached skill level 5 in Conjurations
   648 | D:1      | Learned a level 2 spell: Searing Ray
   923 | D:1      | Reached XP level 3. HP: 19/19 MP: 7/9
  1444 | D:2      | Found a sparkling altar of Nemelex Xobeh.
  1456 | D:2      | Noticed Natasha
  1464 | D:2      | Killed Natasha
  1464 | D:2      | Reached skill level 6 in Conjurations
  1464 | D:2      | Reached XP level 4. HP: 21/24 MP: 1/10
  1629 | D:2      | Found an oddly glowing altar of Pakellas.
  1740 | D:2      | Noticed Natasha
  1808 | D:2      | Found an oddly glowing altar of Pakellas.
  2045 | D:2      | Found a shattered altar of Ashenzari.
  2053 | D:2      | Became a worshipper of Ashenzari the Shackled
  2060 | D:2      | Learned a level 4 spell: Iskenderun's Mystic Blast
  2143 | D:2      | Killed Natasha
  2327 | D:3      | Noticed Scytalen's ghost (weakling DECj)
  2409 | D:3      | Killed Scytalen's ghost
  2409 | D:3      | Reached skill level 7 in Conjurations
  2409 | D:3      | Reached XP level 5. HP: 28/28 MP: 3/11
  2546 | D:3      | Found a bloodstained altar of Trog.
  3253 | D:3      | Reached skill level 8 in Conjurations
  3253 | D:3      | Reached XP level 6. HP: 32/32 MP: 9/12
  4030 | D:4      | Found a staircase to the Ecumenical Temple.
  4037 | D:4      | Noticed Purgy
  4059 | D:4      | Killed Purgy
  4059 | D:4      | Reached skill level 9 in Conjurations
  4183 | D:4      | Reached XP level 7. HP: 36/36 MP: 7/13
  4372 | D:5      | Entered Level 5 of the Dungeon
  4392 | D:5      | Noticed Menkaure
  4409 | D:5      | Killed Menkaure
  4628 | D:5      | Reached skill level 10 in Conjurations
  4805 | D:5      | Noticed Grinder
  4987 | D:5      | Identified the ring of Ytuseqit {SustAt rElec rC- rN+ Int+2}
  4998 | D:5      | Found a burning altar of Makhleb.
  5009 | D:5      | Identified the +2 spear of Exehealy {pierce, +Blink Dex+2 SInv}
  5074 | D:5      | Reached XP level 8. HP: 41/41 MP: 10/14
  5221 | D:5      | Killed Grinder
  5221 | D:5      | Reached skill level 11 in Conjurations
  5229 | D:5      | Learned a level 5 spell: Iskenderun's Battlesphere
  5529 | D:6      | Reached skill level 1 in Charms
  5612 | D:6      | Found Nujiump's Weapon Boutique.
  5811 | D:6      | Reached * piety under Ashenzari
  6587 | D:7      | Found an ancient bone altar of Kikubaaqudgha.
  6697 | D:7      | Reached skill level 5 in Spellcasting
  6715 | D:7      | Reached skill level 5 in Charms
  6933 | D:7      | Noticed Duvessa
  6954 | D:7      | Noticed Dowan
  6966 | D:7      | Killed Duvessa
  7208 | D:8      | Noticed a two-headed ogre
  7408 | D:8      | Reached XP level 9. HP: 40/45 MP: 15/20
  7538 | D:8      | Reached skill level 5 in Dodging
  8214 | D:8      | Found a shimmering altar of Xom.
  8263 | D:8      | Reached skill level 1 in Fighting
  8406 | D:8      | Found a white marble altar of Elyvilon.
  8489 | D:8      | Noticed Erolcha
  8949 | D:8      | Upgraded the game from 0.18-a0-1229-ge9a1a01 to 0.18-a0-1243-g9e52518
  8984 | D:8      | HP: 1/49 [wight/enchanted battleaxe (17)]
  9506 | D:7      | Killed Dowan
  9865 | D:7      | Reached ** piety under Ashenzari
  9978 | D:7      | Reached XP level 10. HP: 46/56 MP: 16/21
 10109 | D:8      | Paralysed by Erolcha for 5 turns
 10111 | D:8      | Killed Erolcha
 10186 | D:8      | Found Yneryr's Book Shoppe.
 10233 | D:8      | Learned a level 3 spell: Dazzling Spray
 10238 | D:8      | Learned a level 4 spell: Fulminant Prism
 10541 | D:9      | Reached skill level 10 in Dodging
 10703 | D:9      | Reached skill level 5 in Fighting
 11326 | D:9      | Found a staircase to the Orcish Mines.
 11464 | D:9      | Found a glowing silver altar of Zin.
 11506 | D:10     | Entered Level 10 of the Dungeon
 11606 | D:10     | Learned a level 1 spell: Animate Skeleton
 12141 | D:10     | Reached skill level 1 in Hexes
 12143 | D:10     | Reached skill level 1 in Necromancy
 12217 | D:10     | Slain by a merfolk

Vault maps used:
D:1:      enne_arrival_octagon_isle, minivault_25, serial_bayou_lake_a
D:2:      nemelex_xobeh_ov_fountains_minmay, lemuel_crystal_altar,
          nicolae_overflow_crystal_walls, minmay_misc_feat_alley,
          grunt_pakellas_mercury, uniq_natasha
D:3:      old_standard_altar, first_bread, nrook_loot_triangle, hex_large
D:4:      minmay_temple_entry_junction, due_unseen_surprise, uniq_purgy
D:5:      lemuel_doored_altar, uniq_grinder, uniq_menkaure
D:6:      serial_shops, nicolae_shop_stone
D:7:      kiku_gazebo_pond_becter, uniq_duvessa
D:8:      kennysheep_mini, lemuel_crystal_altar, serial_shops, shop,
          uniq_erolcha
D:9:      overflow_temple_1_default
D:10:     dpeg_lair_monsters, hangedman_stone_soup

Action                   |  1- 3 |  4- 6 |  7- 9 | 10-12 || total
-------------------------+-------+-------+-------+-------++-------
Melee: Unarmed           |     1 |       |       |       ||     1
 Fire: Hunting sling     |       |     3 |    27 |     2 ||    32
 Cast: Magic Dart        |    58 |   131 |   173 |    97 ||   459
       Searing Ray       |     2 |    13 |    48 |    29 ||    92
       Iskenderun's Batt |       |       |     4 |       ||     4
       Iskenderun's Myst |       |       |       |     2 ||     2
Evoke: Wand              |       |       |     1 |     5 ||     6
  Use: Scroll            |       |     1 |     8 |     5 ||    14
       Potion            |       |       |     6 |       ||     6
  Eat: Chunk             |     2 |     8 |    16 |     6 ||    32
       Pizza             |       |       |     2 |       ||     2
       Beef jerky        |       |       |       |     1 ||     1
